SNL (28 & UNDER)
BEAUMONT ROUGHNECKS @ WEST VIRGINIA POWER
07/05/2026
 
TOP OF THE 1ST
New Hampshire Fisher Cats batting - Pitching for West Virginia Power : RHP Horace Jacobs
Pitching: RHP Horace Jacobs
Batting: RHB Franklin Lawrence 0-0: Called Strike
0-1: Called Strike
0-2: Ball
1-2: Ground out 6-3 (Groundball, 6)
Batting: RHB Michael Kent 0-0: Called Strike
0-1: Called Strike
0-2: Fly out, F9 (Flyball, 89M)
Batting: RHB Anthony Hezell 0-0: Ball
1-0: Foul Ball, location: 2F
1-1: Called Strike
1-2: Strikes out swinging
Top of the 1st over - 0 run(s), 0 hit(s), 0 error(s), 0 left on base; New Hampshire 0 - West Virginia 0
BOTTOM OF THE 1ST
West Virginia Power batting - Pitching for New Hampshire Fisher Cats : RHP Alfredo Montalvo
Pitching: RHP Alfredo Montalvo
Batting: RHB Tony Parker 0-0: Ball
1-0: Ball
2-0: SINGLE (Groundball, 6MD)
Batting: RHB Dave McGrath 0-0: Ball
1-0: SINGLE (Line Drive, 56)
Tony Parker to second
Batting: RHB Roberto Tobías 0-0: Called Strike
0-1: Called Strike
0-2: Ball
1-2: Ball
2-2: Ball
3-2: SINGLE (Line Drive, 7S)
Tony Parker to third
Dave McGrath to second
Runner from 3rd tries for Home, SAFE, no throw or cutoff
Batting: RHB Ben Dougherty 0-0: Called Strike
0-1: Ball
1-1: Called Strike
1-2: Strikes out looking
Batting: RHB Will Lott 0-0: Called Strike
0-1: Foul Ball, location: 2F
0-2: Ball
1-2: Strikes out looking
Batting: LHB Héctor Soto 0-0: Called Strike
0-1: Swinging Strike
0-2: Ball
1-2: Strikes out swinging
Bottom of the 1st over - 1 run(s), 3 hit(s), 0 error(s), 2 left on base; New Hampshire 0 - West Virginia 1
TOP OF THE 2ND
New Hampshire Fisher Cats batting - Pitching for West Virginia Power : RHP Horace Jacobs
Batting: LHB Cam Flowers 0-0: Called Strike
0-1: Foul Ball, location: 2F
0-2: SINGLE (Popup, 34D)
Batting: RHB Felipe Rivas 0-0: Called Strike
0-1: Ball
1-1: Called Strike
1-2: DOUBLE (Flyball, 8LXD)
Cam Flowers to third
Batting: RHB Si-xun Li 0-0: Called Strike
0-1: Fly out, F8 (Line Drive, 8RM)
Runner from 3rd tags up, SCORES, throw made
Batting: RHB Benjamin Lawson 0-0: Ground out 5-3 (Groundball, 56S)
Felipe Rivas to third
Batting: LHB Tony Rivera 0-0: Called Strike
0-1: Swinging Strike
0-2: Ball
1-2: Ball
2-2: Strikes out looking
Top of the 2nd over - 1 run(s), 2 hit(s), 0 error(s), 1 left on base; New Hampshire 1 - West Virginia 1
BOTTOM OF THE 2ND
West Virginia Power batting - Pitching for New Hampshire Fisher Cats : RHP Alfredo Montalvo
Batting: RHB Brett Bell 0-0: Ball
1-0: Swinging Strike
1-1: Ball
2-1: Foul Ball, location: 2F
2-2: Strikes out swinging
Batting: LHB Lúcio Anaya 0-0: Ball
1-0: Ball
2-0: Ball
3-0: Called Strike
3-1: Base on Balls
Batting: RHB Jesse Moore 0-0: Ball
1-0: Fly out, F7 (Flyball, 7S)
Batting: RHB Tony Parker 0-0: Fielders Choice at 2nd, 6-4 (Groundball, 56)
Bottom of the 2nd over - 0 run(s), 0 hit(s), 0 error(s), 0 left on base; New Hampshire 1 - West Virginia 1
TOP OF THE 3RD
New Hampshire Fisher Cats batting - Pitching for West Virginia Power : RHP Horace Jacobs
Batting: RHB Albert Alemán 0-0: Foul Ball, location: 2F
0-1: Called Strike
0-2: Ball
1-2: Ball
2-2: Strikes out swinging
Batting: RHB Franklin Lawrence 0-0: Fly out, F9 (Flyball, 9M)
Batting: RHB Michael Kent 0-0: Ball
1-0: Foul Ball, location: 2F
1-1: Called Strike
1-2: Foul Ball, location: 2F
1-2: Strikes out swinging
Top of the 3rd over - 0 run(s), 0 hit(s), 0 error(s), 0 left on base; New Hampshire 1 - West Virginia 1
BOTTOM OF THE 3RD
West Virginia Power batting - Pitching for New Hampshire Fisher Cats : RHP Alfredo Montalvo
Batting: RHB Dave McGrath 0-0: Fly out, F3 (Popup, 3SF)
Batting: RHB Roberto Tobías 0-0: Ball
1-0: Ball
2-0: Ball
3-0: Base on Balls
Batting: RHB Ben Dougherty 0-0: Called Strike
0-1: Ball
1-1: Called Strike
1-2: Strikes out swinging
Batting: RHB Will Lott 0-0: Ball
1-0: Swinging Strike
1-1: Ball
2-1: Called Strike
2-2: Ball
3-2: Foul Ball, location: 2F
3-2: Fly out, F9 (Flyball, 89M)
Bottom of the 3rd over - 0 run(s), 0 hit(s), 0 error(s), 1 left on base; New Hampshire 1 - West Virginia 1
TOP OF THE 4TH
New Hampshire Fisher Cats batting - Pitching for West Virginia Power : RHP Horace Jacobs
Batting: RHB Anthony Hezell 0-0: Ball
1-0: Called Strike
1-1: Ground out 6-3 (Groundball, 6)
Batting: LHB Cam Flowers 0-0: Called Strike
0-1: Ball
1-1: Ball
2-1: Called Strike
2-2: Foul Ball, location: 2F
2-2: SINGLE (Groundball, 4D)
Batting: RHB Felipe Rivas 0-0: Fly out, F8 (Flyball, 8RM)
Batting: RHB Si-xun Li 0-0: Ball
1-0: Ball
2-0: Swinging Strike
2-1: Ground out 6-3 (Groundball, 6)
Top of the 4th over - 0 run(s), 1 hit(s), 0 error(s), 1 left on base; New Hampshire 1 - West Virginia 1
BOTTOM OF THE 4TH
West Virginia Power batting - Pitching for New Hampshire Fisher Cats : RHP Alfredo Montalvo
Batting: LHB Héctor Soto 0-0: Called Strike
0-1: Foul Ball, location: 2F
0-2: Ball
1-2: Ball
2-2: Ball
3-2: Foul Ball, location: 2F
3-2: Ground out 3-1 (Groundball, 34S)
Batting: RHB Brett Bell 0-0: Foul Ball, location: 2F
0-1: Fly out, F7 (Flyball, 78M)
Batting: LHB Lúcio Anaya 0-0: Ball
1-0: Foul Ball, location: 2F
1-1: Foul Ball, location: 2F
1-2: Ball
2-2: Strikes out swinging
Bottom of the 4th over - 0 run(s), 0 hit(s), 0 error(s), 0 left on base; New Hampshire 1 - West Virginia 1
TOP OF THE 5TH
New Hampshire Fisher Cats batting - Pitching for West Virginia Power : RHP Horace Jacobs
Batting: RHB Benjamin Lawson 0-0: Ball
1-0: Called Strike
1-1: Swinging Strike
1-2: Fly out, F9 (Flyball, 89M)
Batting: LHB Tony Rivera 0-0: Called Strike
0-1: Foul Ball, location: 2F
0-2: Ball
1-2: Foul Ball, location: 2F
1-2: Strikes out swinging
Batting: RHB Albert Alemán 0-0: Foul Ball, location: 2F
0-1: Ball
1-1: Foul Ball, location: 2F
1-2: Ball
2-2: Strikes out swinging
Top of the 5th over - 0 run(s), 0 hit(s), 0 error(s), 0 left on base; New Hampshire 1 - West Virginia 1
BOTTOM OF THE 5TH
West Virginia Power batting - Pitching for New Hampshire Fisher Cats : RHP Alfredo Montalvo
Batting: RHB Jesse Moore 0-0: Ball
1-0: Called Strike
1-1: Ball
2-1: SINGLE (Groundball, 4MD) (infield hit)
Batting: RHB Tony Parker 0-0: Ball
1-0: Fly out, F9 (Flyball, 89S)
Batting: RHB Dave McGrath 0-0: Fly out, F8 (Line Drive, 8LD)
Batting: RHB Roberto Tobías 0-0: Ball
Jesse Moore steals 2nd base
1-0: Fly out, F8 (Flyball, 8RXD)
Bottom of the 5th over - 0 run(s), 1 hit(s), 0 error(s), 1 left on base; New Hampshire 1 - West Virginia 1
TOP OF THE 6TH
New Hampshire Fisher Cats batting - Pitching for West Virginia Power : RHP Horace Jacobs
Batting: RHB Franklin Lawrence 0-0: Foul Ball, location: 2F
0-1: Ball
1-1: Called Strike
1-2: Ball
2-2: Strikes out swinging
Batting: RHB Michael Kent 0-0: Foul Ball, location: 2F
0-1: Called Strike
0-2: Ball
1-2: Foul Ball, location: 2F
1-2: Strikes out swinging
Batting: RHB Anthony Hezell 0-0: Ball
1-0: Called Strike
1-1: Fly out, F9 (Flyball, 89D)
Top of the 6th over - 0 run(s), 0 hit(s), 0 error(s), 0 left on base; New Hampshire 1 - West Virginia 1
BOTTOM OF THE 6TH
West Virginia Power batting - Pitching for New Hampshire Fisher Cats : RHP Alfredo Montalvo
Batting: RHB Ben Dougherty 0-0: Ball
1-0: Ground out 4-3 (Groundball, 4)
Batting: RHB Will Lott 0-0: Called Strike
0-1: Ball
1-1: Ball
2-1: Foul Ball, location: 2F
2-2: Ground out 5-3 (Groundball, 5L)
Batting: LHB Héctor Soto 0-0: Ground out U3 (Groundball, 3)
Bottom of the 6th over - 0 run(s), 0 hit(s), 0 error(s), 0 left on base; New Hampshire 1 - West Virginia 1
TOP OF THE 7TH
New Hampshire Fisher Cats batting - Pitching for West Virginia Power : RHP Horace Jacobs
Batting: LHB Cam Flowers 0-0: Ball
1-0: Foul Ball, location: 2F
1-1: Foul Ball, location: 2F
1-2: Ball
2-2: Ball
3-2: Foul Ball, location: 2F
3-2: SINGLE (Groundball, 34D)
Batting: RHB Felipe Rivas 0-0: Ball
1-0: Swinging Strike
1-1: Ball
2-1: Called Strike
2-2: Foul Ball, location: 2F
2-2: Foul Ball, location: 2F
2-2: Ball
3-2: SINGLE (Groundball, 4)
Cam Flowers to second
Cam Flowers to third
Batting: RHB Si-xun Li 0-0: Called Strike
0-1: Ball
1-1: Foul Ball, location: 2F
1-2: Ground out 4-3 (Groundball, 13)
Felipe Rivas to second
Pitching: RHP Don Shelton
Batting: RHB Benjamin Lawson 0-0: Ball
1-0: Called Strike
1-1: Ball
2-1: SINGLE (Line Drive, 89S)
Cam Flowers scores
Felipe Rivas to third
Runner from 3rd tries for Home, SAFE, throw made home
Benjamin Lawson to second
Batting: LHB Tony Rivera 0-0: Intentional Walk
Batting: RHB Albert Alemán 0-0: Fly out, F7 (Flyball, 7S)
Batting: RHB Franklin Lawrence 0-0: Ball
1-0: Swinging Strike
1-1: Called Strike
1-2: Strikes out swinging
Top of the 7th over - 2 run(s), 3 hit(s), 0 error(s), 2 left on base; New Hampshire 3 - West Virginia 1
BOTTOM OF THE 7TH
West Virginia Power batting - Pitching for New Hampshire Fisher Cats : RHP Alfredo Montalvo
Batting: RHB Brett Bell 0-0: Called Strike
0-1: Foul Ball, location: 2F
0-2: Fly out, F4 (Popup, 4)
Batting: LHB Lúcio Anaya 0-0: Fly out, F8 (Flyball, 8LM)
Batting: RHB Jesse Moore 0-0: Called Strike
0-1: Ball
1-1: Called Strike
1-2: Foul Ball, location: 2F
1-2: Strikes out swinging
Bottom of the 7th over - 0 run(s), 0 hit(s), 0 error(s), 0 left on base; New Hampshire 3 - West Virginia 1
TOP OF THE 8TH
New Hampshire Fisher Cats batting - Pitching for West Virginia Power : RHP Don Shelton
Batting: RHB Michael Kent 0-0: Hit by Pitch
Batting: RHB Anthony Hezell 0-0: Called Strike
0-1: Fly out, F4 (Popup, 4MD)
Pitching: LHP John Helms
Batting: LHB Cam Flowers 0-0: Called Strike
0-1: Ball
1-1: Foul Ball, location: 2F
1-2: Strikes out swinging
Pitching: RHP Germán Hernández
Batting: RHB Felipe Rivas 0-0: Ground out 4-3 (Groundball, 4)
Top of the 8th over - 0 run(s), 0 hit(s), 0 error(s), 1 left on base; New Hampshire 3 - West Virginia 1
BOTTOM OF THE 8TH
West Virginia Power batting - Pitching for New Hampshire Fisher Cats : RHP Alfredo Montalvo
Batting: RHB Tony Parker 0-0: Ball
1-0: Foul Ball, location: 2F
1-1: Foul Ball, location: 2F
1-2: Strikes out swinging
Pitching: LHP Artie Nelson
Batting: RHB Dave McGrath 0-0: Called Strike
0-1: Ball
1-1: SINGLE (Groundball, 6MD)
Pitching: RHP Jesús Ortíz
Pinch Runner at 1st Júlio Martínez:
Batting: RHB Roberto Tobías 0-0: SINGLE (Groundball, 4M)
Júlio Martínez to second
Runner from 2nd tries for 3rd, SAFE, no throw or cutoff
Batting: RHB Ben Dougherty 0-0: Called Strike
0-1: Ball
1-1: SINGLE (Groundball, 56D)
Júlio Martínez scores
Roberto Tobías to second
Pinch Runner at 2nd Claudio Morán:
Batting: RHB Will Lott 0-0: Called Strike
0-1: Fielders Choice at 3rd, U5 (Groundball, 5L)
Ben Dougherty to second
Pinch Hitting: SHB Waylon Adams 0-0: Ball
1-0: Ball
2-0: Swinging Strike
2-1: Foul Ball, location: 2F
2-2: Foul Ball, location: 2F
2-2: Fielders Choice at 2nd, 6-4 (Groundball, 6)
Bottom of the 8th over - 1 run(s), 3 hit(s), 0 error(s), 1 left on base; New Hampshire 3 - West Virginia 2
TOP OF THE 9TH
New Hampshire Fisher Cats batting - Pitching for West Virginia Power : RHP Germán Hernández
Now at 1B: Waylon Adams
Now at SS: Claudio Morán
Now in RF: Júlio Martínez
Batting: RHB Si-xun Li 0-0: Called Strike
0-1: Foul Ball, location: 2F
0-2: Strikes out swinging
Batting: RHB Benjamin Lawson 0-0: Ball
1-0: Called Strike
1-1: Ball
2-1: Ball
3-1: SINGLE (Groundball, 56D)
Batting: LHB Tony Rivera 0-0: Called Strike
Throwing error on steal attempt, E2
Benjamin Lawson to third
0-1: Swinging Strike
0-2: Ball
1-2: Ball
2-2: Ball
3-2: Intentional Walk
Batting: RHB Albert Alemán 0-0: Called Strike
0-1: Ball
1-1: Foul Ball, location: 2F
1-2: Ball
2-2: Foul Ball, location: 2F
2-2: Strikes out swinging
Tony Rivera steals 2nd base
Batter strikes out.
Batting: RHB Franklin Lawrence 0-0: Ground out 6-3 (Groundball, 6)
Top of the 9th over - 0 run(s), 1 hit(s), 1 error(s), 2 left on base; New Hampshire 3 - West Virginia 2
BOTTOM OF THE 9TH
West Virginia Power batting - Pitching for New Hampshire Fisher Cats : RHP Jesús Ortíz
Pitching: RHP Grady Connolly
Now at C: Tim Robertson
Pinch Hitting: RHB Lance Wolf 0-0: Ball
1-0: Foul Ball, location: 2F
1-1: Called Strike
1-2: Ball
2-2: Fly out, F8 (Flyball, 89M)
Batting: LHB Lúcio Anaya 0-0: Swinging Strike
0-1: Foul Ball, location: 2F
0-2: Ball
1-2: Ball
2-2: Foul Ball, location: 2F
2-2: Strikes out looking
Pinch Hitting: RHB Jesse McKnight 0-0: Ball
1-0: Called Strike
1-1: Ball
2-1: Called Strike
2-2: Strikes out swinging
Bottom of the 9th over - 0 run(s), 0 hit(s), 0 error(s), 0 left on base; New Hampshire 3 - West Virginia 2
Monday, December 5th, 2016 - OOTP Baseball 17.12 Build 75